 Dungeon Crawl Stone Soup version 0.20.1-1-g8b1a95d (webtiles) character file.

122 Folque the Magician (level 5, -1/34 HPs)
             Began as an Octopode Wizard on Nov 16, 2017.
             Slain by an iguana (12 damage)
             ... on level 4 of the Dungeon.
             The game lasted 00:08:26 (2157 turns).

Folque the Magician (Octopode Wizard)               Turns: 2157, Time: 00:08:28

Health: -1/34      AC:  3    Str:  6    XL:     5   Next: 6%
Magic:  5/10       EV: 13    Int: 24    God:
Gold:   87         SH:  0    Dex: 11    Spells: 3/11 levels left

rFire    . . .     SeeInvis .   l - +0 halberd
rCold    . . .     Gourm    .   (shield currently unavailable)
rNeg     . . .     Faith    .   a - +1 hat
rPois    .         Spirit   .   (no amulet)
rElec    .         Reflect  .   d - +1 ring of protection
rCorr    .         Harm     .   g - +3 ring of intelligence
MR       .....                  (no ring)
Stlth    +++.......             (no ring)
Regen    0.2/turn               (no ring)
MPRegen  0.2/turn               (no ring)
                                (no ring)
                                (no ring)

@: no status effects
A: almost no armour, stealthy swim, amphibious, 8 rings, constrict 8, camouflage
1, gelatinous body 1
a: no special abilities


You were on level 4 of the Dungeon.
You were not hungry.

You visited 1 branch of the dungeon, and saw 4 of its levels.

You collected 87 gold pieces.

Inventory:

Hand Weapons
 e - a +0 club
 j - a cursed -2 quarterstaff
 l - a +0 halberd (weapon)
Missiles
 i - 8 steel javelins (quivered)
Armour
 a - a +1 hat (worn)
Jewellery
 d - a +1 ring of protection (left tentacle)
 g - a +3 ring of intelligence (right tentacle)
 o - an uncursed ring of ice {unknown}
Scrolls
 f - a scroll of recharging {unknown}
 k - a scroll of enchant armour
 r - a scroll of teleportation {unknown}
 s - 2 scrolls of amnesia {unknown}
Potions
 m - a potion of haste {unknown}
 n - a potion of ambrosia {unknown}
 p - a potion of flight {unknown}
 u - a potion of invisibility
Books
 b - a book of Minor Magic

   Spells                             Type                      Level
   a - Magic Dart                     Conjuration                  1
   b - Blink                          Translocation                2
   c - Call Imp                       Summoning                    2
   d - Slow                           Hexes                        2
   e - Conjure Flame                  Conjuration/Fire             3
   f - Mephitic Cloud                 Conjuration/Poison/Air       3
Comestibles
 c - a bread ration
 h - 3 chunks of flesh
 q - a fruit
 t - a royal jelly


   Skills:
 - Level 2.0 Fighting
 - Level 2.0 Dodging
 - Level 2.6 Stealth
 + Level 3.8 Spellcasting
 + Level 2.0 Conjurations
 - Level 1.0 Summonings
 - Level 1.0 Translocations
 * Level 2.6 Poison Magic


You had 3 spell levels left.
You knew the following spells:

 Your Spells              Type           Power        Failure   Level  Hunger
a - Magic Dart            Conj           ##..         4%          1    None
b - Call Imp              Summ           #.......     10%         2    #......
c - Blink                 Tloc           N/A          10%         2    #......
d - Mephitic Cloud        Conj/Pois/Air  ##......     16%         3    ##.....


Dungeon Overview and Level Annotations

Branches:
Dungeon (4/15)
 Temple: D:4-7

Altars:


Innate Abilities, Weirdness & Mutations

You cannot wear most types of armour.
You are very stealthy in the water. (Stealth+)
You are amphibious.
You can wear up to eight rings at the same time.
You can use your tentacles to constrict eight enemies at once.
Your skin changes colour to match your surroundings (Stealth+).
Your rubbery body absorbs attacks. (AC +1, EV +1)


Message History

Your crimson imp blinks!
Your crimson imp hits the worm.
Attack whom?
Press: ? - help, Dir - move target cursor, f/p - worm
Aim: a worm (almost dead)
You reach to attack!
You hit the worm.
You kill the worm!
Your crimson imp hits the iguana.
The iguana bites your crimson imp.
Your crimson imp blinks! x2
Your crimson imp misses the iguana.
The iguana bites you!
Your crimson imp blinks!
You see here a worm corpse.
You barely miss the iguana. Your grab misses the iguana.
The iguana is lightly wounded.
Your crimson imp barely misses the iguana.
The iguana bites you!
Your crimson imp blinks!
Your crimson imp hits the iguana but does no damage.
The iguana bites you!
You die...

###############
#.............. #
#.!§.# #.# #....#
#...###.@..#
#...#l...#
#..5..5#
#...#5......#
#....§......##...
..#.####....# %.
# # ###### .


You could see an iguana and 3 friendly crimson imps.

Vanquished Creatures
  An orc wizard (D:3)
  2 adders (D:2)
  2 gnolls (D:2)
  A worm (D:4)
  2 leopard geckos
  An orc (D:3)
  2 giant cockroaches
  8 goblins
  5 hobgoblins
  5 jackals (D:2)
  A ball python (D:3)
  7 bats
  6 frilled lizards
  3 kobolds (D:1)
  8 rats
54 creatures vanquished.

Vanquished Creatures (collateral kills)
  A gnoll (D:2)
  A worm (D:2)
  An orc (D:3)
3 creatures vanquished.

Grand Total: 57 creatures vanquished

Notes
Turn   | Place    | Note
-------+----------+-------------------------------------------
     0 | D:1      | Folque the Octopode Wizard began the quest for the Orb.
     0 | D:1      | Reached XP level 1. HP: 11/11 MP: 4/4
   248 | D:1      | Reached skill level 1 in Fighting
   293 | D:1      | Reached XP level 2. HP: 14/18 MP: 3/6
  1171 | D:1      | Learned a level 2 spell: Call Imp
  1174 | D:1      | Learned a level 2 spell: Blink
  1231 | D:2      | Reached XP level 3. HP: 15/24 MP: 0/7
  1291 | D:2      | Learned a level 3 spell: Mephitic Cloud
  1399 | D:2      | Reached skill level 1 in Poison Magic
  1414 | D:2      | Reached XP level 4. HP: 14/29 MP: 5/9
  2035 | D:3      | Reached XP level 5. HP: 32/34 MP: 6/10
  2157 | D:4      | Slain by an iguana

Skill      XL: |  1  2  3  4 |
---------------+-------------+-----
Fighting       | 1 2 |  2.0
Poison Magic   | 1 2 |  2.6
Conjurations   | 2 |  2.0
Dodging        | |  2.0
Stealth        | |  2.6
Spellcasting   | |  3.8
Summonings     | |  1.0
Translocations | |  1.0

Action                   |  1- 3 |  4- 6 || total
-------------------------+-------+-------++-------
Melee: Club              |    62 |       ||    62
       Unarmed           |     6 |       ||     6
       Constrict         |    20 |    15 ||    35
       Tentacles         |    10 |     4 ||    14
       Halberd           |    10 |    88 ||    98
Throw: Javelin           |     3 |       ||     3
 Cast: Magic Dart        |    16 |     1 ||    17
       Call Imp          |     5 |     8 ||    13
       Mephitic Cloud    |     1 |       ||     1
       Blink             |       |     1 ||     1
  Use: Scroll            |     2 |     2 ||     4
       Potion            |     2 |       ||     2
 Stab: Sleeping          |     7 |     6 ||    13
       Invisible         |     1 |       ||     1
  Eat: Chunk             |     2 |     3 ||     5
Armor: Skin              |    10 |    24 ||    34
Dodge: Dodged            |    48 |    62 ||   110
